AoeStats
← cmd

Arabia

503248953Analyzed
3v3 RM · 1mo ago on Aug 30, 2026· 35m 24s· 6 players
Game mode
Random Map
Map size
Normal (6 player)
Population
200
Speed
Normal
Resources
Standard
Victory
Conquest
Starting age
Dark Age
Ending age
Imperial Age
RankedLock teamsTeams togetherTeam positionsShared explorationLock speedFull tech treeHidden civsTurbo modeCheats
Victory
Defeat
🇵🇱 Saracens · Poland
1033
+13
🇵🇱 Franks · Poland
1024
+13
🇵🇱 Persians · Poland
1023
+13
🇩🇪 Mongols · Germany
980
-14
🇩🇪 Portuguese · Germany
973
-14
🇩🇪 Franks · Germany
927
-12
helo
6:41 Loom
10:32 Feudal Age
11:43 Double-Bit Axe
13:29 Wheelbarrow
21:57 Castle Age
26:21 Bow Saw
33:16 Thumb Ring
32:35 Elite Skirmisher
noname
10:23 Feudal Age
8:41 Loom
14:34 Castle Age
cmd
12:30 Loom
14:16 Feudal Age
16:41 Double-Bit Axe
19:18 Castle Age
18:03 Gold Mining
18:04 Stone Mining
21:01 Scale Barding Armor
21:27 Bow Saw
25:01 Husbandry
29:33 Chain Barding Armor
coahir
7:29 Loom
10:42 Feudal Age
18:14 Castle Age
18:06 Scale Barding Armor
18:55 Husbandry
20:03 Chain Barding Armor
21:50 Double-Bit Axe
26:12 Wheelbarrow
35:43 Imperial Age
34:21 Bow Saw
jaNuke
3:42 Loom
11:03 Feudal Age
19:43 Double-Bit Axe
26:14 Castle Age
25:26 Padded Archer Armor
26:00 Horse Collar
26:22 Crossbowman
26:59 Pikeman
27:40 Squires
28:01 Fletching
28:12 Padded Archer Armor
28:13 Scale Mail Armor
28:52 Bodkin Arrow
35:25 Thumb Ring
mily_skur3byk
7:20 Loom
9:54 Feudal Age
10:16 Double-Bit Axe
9:53 Man-at-Arms
12:45 Horse Collar
20:35 Castle Age
22:55 Bow Saw
Connection lost

Rejoining the realm…

Still unreachable

The connection could not be restored.

Session expired

The server has moved on; the page needs a fresh start.